 Dungeon Crawl Stone Soup version 0.30-a0-860-g512cf1e979 (webtiles) character file.

Game seed: 9793315791579386602

6304 NateTC the Cleaver (level 10, -1/93 HPs)
             Began as a Hill Orc Fighter on Mar 8, 2023.
             Was a Priest of Okawaru.
             Slain by an orc knight
             ... wielding a +0 halberd
              (30 damage)
             ... in a bailey.
             The game lasted 00:23:37 (7148 turns).

NateTC the Cleaver (Hill Orc Fighter)               Turns: 7148, Time: 00:23:37

Health: -1/93      AC: 19    Str: 27    XL:     10   Next: 95%
Magic:  16/16      EV:  7    Int:  8    God:    Okawaru [***...]
Gold:   466        SH:  5    Dex: 10    Spells: 9/9 levels left

rFire   . . .      SeeInvis .    a - +1 war axe (venom)
rCold   + . .      Faith    .    c - +0 buckler
rNeg    . . .      Spirit   .    q - +1 plate armour
rPois   .          Reflect  .    k - +0 hat
rElec   .          Rampage  .    D - +0 cloak
rCorr   .                        g - +1 pair of gloves of Sin {Str+3 Stlth+}
Will    .....                    y - +0 pair of boots Stlth
                                 h - amulet of regeneration
HPRegen 1.15/turn                m - ring of protection from cold
MPRegen 0.15/turn                (no ring)

@: no status effects
A: no striking features
a: Renounce Religion, Heroism


You were in a bailey.
You worshipped Okawaru.
Okawaru was most pleased with you.
You visited 2 branches of the dungeon, and saw 10 of its levels.
You also visited: Sewer and Bailey.

You collected 466 gold pieces.

Inventory:

Hand Weapons
 a - a +1 war axe of venom (weapon)
 b - the +10 mace "Vibimnos" {flame, rElec Will- Str+7}
   (You found it on level 8 of the Dungeon)

   Str:       It affects your strength (+7).
   rElec:     It insulates you from electricity.
   Will:      It decreases your willpower.
Missiles
 B - a throwing net (quivered)
Armour
 c - a +0 buckler (worn)
 g - the +1 pair of gloves of Sin (worn) {Str+3 Stlth+}
   (You found it on level 4 of the Dungeon)

   Str:       It affects your strength (+3).
   Stlth:     It makes you more stealthy.
 k - a +0 hat (worn)
 q - a +1 plate armour (worn)
 y - a +0 pair of boots (worn)
 D - a +0 cloak (worn)
Jewellery
 e - an amulet of the acrobat
 h - an amulet of regeneration (around neck)
 m - a ring of protection from cold (left hand)
Wands
 x - a wand of polymorph (10)
 C - a wand of flame (8)
Scrolls
 d - 4 scrolls of teleportation
 u - a scroll of enchant armour
 v - a scroll of immolation
 w - 2 scrolls of noise {unknown}
Potions
 f - 8 potions of curing
 i - 5 potions of mutation
 j - 2 potions of attraction
 l - 4 potions of magic
 n - a potion of ambrosia
 o - a potion of lignification {unknown}
 p - a potion of berserk rage {unknown}
 r - 3 potions of flight
 s - a potion of cancellation {unknown}
 z - a potion of resistance {unknown}
 A - a potion of brilliance {unknown}
 E - a potion of experience
 F - a potion of invisibility {unknown}


   Skills:
 - Level 10.0 Fighting
 - Level 12.0 Axes
 - Level 8.4 Armour
 - Level 2.0 Dodging
 - Level 6.1 Shields
 + Level 8.5 Invocations


You had 9 spell levels left.
You didn't know any spells.
Your spell library contained the following spells:

 Spells                   Type           Power      Damage    Failure   Level
 Cigotuvi's Dreadful Rot  Necr/Pois/Air  0%         N/A       100%        2
 Poisonous Vapours        Pois/Air       0%         N/A       100%        2
 Mephitic Cloud           Conj/Pois/Air  0%         N/A       100%        3


Dungeon Overview and Level Annotations

Branches:
Dungeon (9/15) Zot: 26958  Temple (1/1) D:7 Zot: 5701   Sewer (visited)
 Bailey (1/1) Zot: 5633
   Lair: D:8-11         Orc: D:9-12

Altars:
Ashenzari
Cheibriados
Dithmenos
Elyvilon
Fedhas
Gozag
Makhleb
Nemelex Xobeh
Okawaru
Qazlal
Ru
Trog
Uskayaw
Wu Jian
Yredelemnul
Zin
The Shining One

Shops:
D:5 (

Annotations:
D:4 1 runed translucent door, Crazy Yiuf


Message History

The orc knight hits you with a +0 trident.
You hit the orc knight but do no damage.
The orc knight looks as sick as possible!
The orc knight is lightly wounded.
You hit the orc knight.
The orc knight is poisoned.
The orc knight hits you with a +0 halberd!!
The orc knight hits you with a +0 trident.
The orc knight attacks as you move away!
You block the orc knight's attack. The orc knight barely misses you. x2
There is an open gate here.
There is an open gate here.
Things that are here:
a +0 trident; a +0 ring mail; an orc skeleton The orc knight no longer looks unusually strong. x2
The orc knight roars a battlecry!
The orc knight goes into a battle-frenzy!
Things that are here:
a +0 glaive; a +0 ring mail; an orc skeleton The orc knight roars a battlecry!
The orc knight goes into a battle-frenzy!
Things that are here:
a +0 halberd; a +0 hand axe; an orc skeleton You see here a +0 war axe.
Things that are here:
a +0 halberd; a +0 ring mail; an orc corpse
There is an open door, spattered with blood here.
Things that are here:
a +0 war axe; an orc corpse You close the door, pushing everything out of the way.
An orc knight opens the door.
The orc knight hits you with a +0 halberd!!
The orc knight hits you from afar with a +0 trident!
* * * LOW HITPOINT WARNING * * *
You hit the orc knight.
The orc knight looks even sicker.
The orc knight is heavily wounded.
The orc knight hits you from afar with a +0 trident!!
* * * LOW HITPOINT WARNING * * *
You feel much better.
The orc knight looks more healthy.
The orc knight hits you with a +0 halberd!!
You die...

#...).).#
#...))).#
#.......#
##.....##
###'###
#...#
#...#
#...#
#)@o#
###'###
##.)o).##
#.......#
#..#8#).#
#..#)#))#
#....).)#
#....)..#
##.....##


You could see 2 orc knights.

Vanquished Creatures
  Pikel (D:4)
  2 orc knights (Bailey)
  Maurice (D:8)
  A gargoyle (D:7)
  2 trolls
  Prince Ribbit (D:8)
  Grinder (D:4)
  Sigmund (D:4)
  Grum (D:8)
  Menkaure (D:4)
  2 water moccasins
  Duvessa (D:4)
  5 orc warriors (Bailey)
  3 ice beasts
  3 ogres
  2 black bears
  3 wolves (D:8)
  2 centaurs
  4 lemures (D:4)
  4 kobold brigands
  2 bullfrogs
  Blork the orc (D:4)
  A scorpion (D:5)
  A water moccasin zombie (D:4)
  Dowan (D:4)
  A howler monkey (D:6)
  A hound (D:5)
  A jelly (D:5)
  6 iguanas
  2 sleepcaps
  3 orc wizards
  A howler monkey zombie (D:4)
  10 adders
  A shadow imp (D:7)
  A white imp (D:7)
  2 dart slugs
  36 orcs
  4 bats
  3 endoplasms
  2 giant cockroaches
  9 goblins
  9 hobgoblins
  5 jackals
  3 quokkas
  6 ball pythons
  5 frilled lizards
  17 kobolds
  11 rats
186 creatures vanquished.

Notes
Turn   | Place    | Note
-------+----------+-------------------------------------------
     0 | D:1      | NateTC the Hill Orc Fighter began the quest for the Orb.
     0 | D:1      | Reached XP level 1. HP: 19/19 MP: 1/1
    27 | D:1      | Reached skill level 3 in Axes
    60 | D:1      | Reached XP level 2. HP: 27/27 MP: 2/2
   517 | D:1      | You fall into a shaft and drop 1 floor!
   555 | D:2      | Reached skill level 4 in Axes
   555 | D:2      | Reached XP level 3. HP: 23/33 MP: 3/3
  1001 | D:1      | Reached XP level 4. HP: 37/41 MP: 4/4
  1285 | D:2      | Reached skill level 5 in Axes
  1792 | D:3      | Reached XP level 5. HP: 47/47 MP: 5/5
  2578 | D:4      | Noticed Menkaure
  2586 | D:4      | Killed Menkaure
  2587 | D:4      | Reached skill level 5 in Fighting
  2587 | D:4      | Reached skill level 6 in Axes
  2587 | D:4      | Reached XP level 6. HP: 10/56 MP: 6/6
  2587 | D:4      | Noticed Sigmund
  2640 | D:4      | Killed Sigmund
  2641 | D:4      | Reached skill level 7 in Axes
  2658 | D:4      | Reached skill level 8 in Axes
  2658 | D:4      | Reached XP level 7. HP: 9/63 MP: 7/7
  2808 | D:4      | Identified the +1 pair of gloves of Sin {Str+3 Stlth+}
  3015 | D:4      | Noticed Pikel
  3021 | D:4      | Noticed Blork the orc
  3023 | D:4      | Noticed Duvessa
  3027 | D:4      | Killed Pikel
  3028 | D:4      | Reached XP level 8. HP: 49/70 MP: 8/8
  3034 | D:4      | Killed Blork the orc
  3040 | D:4      | Killed Duvessa
  3048 | D:4      | Noticed Dowan
  3058 | D:4      | Killed Dowan
  3111 | D:4      | Noticed Grinder
  3118 | D:4      | Paralysed by Grinder for 5 turns
  3124 | D:4      | Killed Grinder
  3298 | D:4      | Found a basalt altar of Yredelemnul.
  3384 | D:4      | Found a runed translucent door.
  3386 | D:4      | Noticed Crazy Yiuf
  3483 | D:5      | Entered Level 5 of the Dungeon
  3583 | D:5      | Found a glowing drain.
  3605 | Sewer    | Entered a sewer
  3691 | Sewer    | Found a glowing silver altar of Zin.
  3788 | D:5      | Reached skill level 5 in Shields
  3788 | D:5      | Reached XP level 9. HP: 78/78 MP: 9/9
  3827 | D:5      | Found a sacrificial altar of Ru.
  4023 | D:5      | Noticed a troll
  4050 | D:5      | Killed a troll
  4136 | D:5      | Found Soiff's Weapon Shoppe.
  4532 | D:5      | Found an ornate altar of the Wu Jian Council.
  4985 | D:7      | Reached skill level 9 in Axes
  5218 | D:7      | Found a staircase to the Ecumenical Temple.
  5227 | Temple   | Entered the Ecumenical Temple
  5500 | Temple   | Became a worshipper of Warmaster Okawaru
  5776 | D:7      | Noticed a gargoyle
  5785 | D:7      | Reached skill level 10 in Axes
  6170 | D:7      | Killed a gargoyle
  6171 | D:7      | Reached XP level 10. HP: 29/90 MP: 10/10
  6343 | D:8      | Reached * piety under Okawaru
  6348 | D:8      | Reached skill level 11 in Axes
  6348 | D:8      | Reached skill level 1 in Invocations
  6373 | D:8      | Noticed Prince Ribbit
  6385 | D:8      | Killed Prince Ribbit
  6467 | D:8      | Identified the +10 mace "Vibimnos" {flame, rElec Will-
                  | Str+7}
  6494 | D:8      | Noticed Grum
  6498 | D:8      | Noticed Maurice
  6507 | D:8      | Killed Grum
  6529 | D:8      | Killed Maurice
  6529 | D:8      | Reached ** piety under Okawaru
  6751 | D:9      | Reached skill level 10 in Fighting
  6751 | D:9      | Reached skill level 12 in Axes
  6764 | D:9      | Found a flagged portal.
  6778 | Bailey   | Entered a bailey
  6828 | Bailey   | Reached skill level 5 in Invocations
  6944 | Bailey   | Noticed an orc knight
  6945 | Bailey   | Noticed an orc knight
  6983 | Bailey   | Killed an orc knight
  6983 | Bailey   | Reached *** piety under Okawaru
  6983 | Bailey   | HP: 4/93 [orc knight/+0 glaive (22)]
  7053 | Bailey   | Killed an orc knight
  7117 | Bailey   | Noticed an orc knight
  7117 | Bailey   | Noticed an orc knight
  7148 | Bailey   | Slain by an orc knight

Illustrated notes

Levels and vault maps discovered:
D:1:      lemuel_arrival_behind_the_door_small, layout_basic
D:2:      layout_loops_cross, st_stairs_8
D:3:      layout_basic
D:4:      layout_loops_ring, lemuel_zombie_altar_yredelemnul, uniq_grinder,
          uniq_sigmund, uniq_menkaure, uniq_blork_the_orc, uniq_duvessa,
          uniq_pikel, uniq_crazy_yiuf_cottage
D:5:      layout_basic, mainiacjoe_overflow_big_doors, serial_shops,
          nicolae_shop_hallway_plus, portal_sewer_entry_d
D:6:      layout_rooms
D:7:      minmay_chambers_of_fours, layout_cave_pods,
          minmay_temple_entry_crystal_x
D:8:      layout_rooms, uniq_maurice, uniq_prince_ribbit1, uniq_grum
D:9:      layout_irregular_city, nicolae_overflow_hidden_temple,
          lair_entry_dummy, enter_bailey_5, uniq_harold
Temple:   minmay_temple_curvy_branch
Bailey:   bailey_polearm_5, bailey

Skill      XL: |  1  2  3  4  5  6  7  8  9 10 |
---------------+-------------------------------+-----
Axes           | 3 4 5 6 8 10 12 | 12.0
Fighting       | 4 5 6 8 10 | 10.0
Armour         | 6 8 |  8.4
Dodging        | 2 |  2.0
Shields        | 5 6 |  6.1
Invocations    | 8 |  8.5

Action                     |  1- 3 |  4- 6 |  7- 9 | 10-12 || total
---------------------------+-------+-------+-------+-------++-------
  Melee: War axe           |    99 |    73 |   244 |   133 ||   549
         Mace              |       |       |       |     5 ||     5
    Use: Scroll            |       |    11 |     5 |       ||    16
         Potion            |       |     1 |     1 |     3 ||     5
 Armour: Scale mail        |    45 |       |       |       ||    45
         Plate armour      |    11 |    52 |   174 |   115 ||   352
  Dodge: Dodged            |    35 |    11 |    90 |    78 ||   214
  Block: Buckler           |    23 |     7 |    55 |    52 ||   137

Table legend: (Time is in decaauts)
 A = Elapsed time spent in this place.
 B = Non-inter-level travel time spent in this place.
 C = Inter-level travel time spent in this place.
 D = Time resting spent in this place.
 E = Time spent auto-exploring this place.
 F = Levels seen in this place.
 G = Mean time per level.
                   A        B        C        D        E       F      G
               +--------+--------+--------+--------+--------+-----+--------+
         Total |   7253 |   6730 |    523 |    383 |   4070 |  12 |  604.4 |
       Dungeon |   6398 |   5925 |    473 |    271 |   3756 |   9 |  710.9 |
        Temple |    298 |    248 |     50 |      0 |    246 |   1 |  298.0 |
         Sewer |    191 |    191 |      0 |      0 |     68 |   1 |  191.0 |
        Bailey |    365 |    365 |      0 |    112 |      0 |   1 |  365.0 |
               +--------+--------+--------+--------+--------+-----+--------+

Top non-repeatable levels by time:
     D:3: 1064 daAuts
     D:7: 996 daAuts
     D:5: 952 daAuts
     D:4: 895 daAuts
     D:1: 825 daAuts
     D:2: 763 daAuts
     D:8: 444 daAuts
     D:6: 413 daAuts
  Bailey: 365 daAuts
  Temple: 298 daAuts
   Sewer: 191 daAuts
     D:9: 41 daAuts
